[ AOE2 MATCH · #507362274 ]
UnrankedTurks vs Goths
Player's team · WIN
Rival team · LOSS
[ REPLAY ANALYSIS · EXTRACTED FROM THE RECORDED GAME ]
Feudal
—
Castle
—
Imperial
—
| APM avg | 31.8 |
| APM peak | 67 |
| eAPM avg | 21.5 |
| Villagers / military | 190 / 99 |
Focus
⚔️ 28.0% · 🌾 72.0%
Janissary ×64 · Scout Cavalry ×25 · Scorpion ×4 · Bombard Cannon ×4 · Mangonel ×2
Feudal
—
Castle
—
Imperial
—
| APM avg | 22.7 |
| APM peak | 57 |
| eAPM avg | 15.6 |
| Villagers / military | 112 / 239 |
Focus
⚔️ 27.6% · 🌾 72.4%
Skirmisher ×96 · Militia ×93 · Spearman ×45 · Battering Ram ×5
Match map
Initial resources + every placement click. Lines = walls · curves = elevation contours. ◆ gold · ⬟ stone · ● berries · ✦ relic · ◌ wall gap
Your base· ✓ Closed at 13:02 · 0t walls · 2 gate(s)
ALEX_DE_SOUZA's base· ✓ Closed at 12:58 · 0t walls · 2 gate(s)
Smoothed initial terrain · ◌ = detected wall gap · hover for details
Inputs per minute
— fidelon33 - - ALEX_DE_SOUZA
Build order — fidelon33
First 150 of 447 actions detected
| 0:01 | Queue | Villager (Male) |
| 0:02 | Queue | Villager (Male) |
| 0:02 | Queue | Villager (Male) |
| 0:02 | Queue | Villager (Male) |
| 0:02 | Queue | Villager (Male) |
| 0:03 | Queue | Villager (Male) |
| 0:04 | Build | House |
| 0:07 | Build | House |
| 1:25 | Queue | Villager (Male) |
| 1:25 | Queue | Villager (Male) |
| 1:25 | Queue | Villager (Male) |
| 1:54 | Build | Lumber Camp |
| 2:01 | Queue | Villager (Male) |
| 2:16 | Queue | Villager (Male) |
| 2:16 | Queue | Villager (Male) |
| 2:17 | Queue | Villager (Male) |
| 2:54 | Queue | Villager (Male) |
| 2:54 | Queue | Villager (Male) |
| 3:08 | Queue | Villager (Male) |
| 3:09 | Queue | Villager (Male) |
| 3:36 | Queue | Villager (Male) |
| 3:36 | Queue | Villager (Male) |
| 3:51 | Build | House |
| 4:00 | Build | House |
| 4:02 | Build | House |
| 4:11 | Queue | Villager (Male) |
| 4:11 | Queue | Villager (Male) |
| 4:11 | Queue | Villager (Male) |
| 4:35 | Queue | Villager (Male) |
| 4:35 | Queue | Villager (Male) |
| 4:35 | Queue | Villager (Male) |
| 4:35 | Queue | Villager (Male) |
| 4:39 | Build | Mill |
| 5:21 | Queue | Villager (Male) |
| 5:21 | Queue | Villager (Male) |
| 5:22 | Queue | Villager (Male) |
| 5:22 | Queue | Villager (Male) |
| 5:33 | Queue | Villager (Male) |
| 5:33 | Queue | Villager (Male) |
| 5:33 | Queue | Villager (Male) |
| 5:58 | Build | Mill |
| 6:30 | Queue | Villager (Male) |
| 6:59 | Queue | Villager (Male) |
| 7:30 | Queue | Villager (Male) |
| 7:33 | Queue | Villager (Male) |
| 7:34 | Queue | Villager (Male) |
| 7:38 | Build | Lumber Camp |
| 7:52 | Build | Farm |
| 8:29 | Build | Farm |
| 8:38 | Build | Farm |
| 8:39 | Queue | Villager (Male) |
| 8:56 | Queue | Villager (Male) |
| 9:21 | Queue | Villager (Male) |
| 9:22 | Research | Feudal Age |
| 9:54 | Build | Mining Camp |
| 10:54 | Build | Farm |
| 10:57 | Build | Farm |
| 11:02 | Build | Farm |
| 11:35 | Queue | Villager (Male) |
| 11:35 | Queue | Villager (Male) |
| 12:19 | Build | Market |
| 12:22 | Build | Blacksmith |
| 12:58 | Build | Mining Camp |
| 13:02 | Research | Castle Age |
| 13:38 | Research | Double-Bit Axe |
| 13:38 | Research | Double-Bit Axe |
| 13:41 | Research | Horse Collar |
| 13:49 | Build | Farm |
| 13:57 | Build | Farm |
| 14:04 | Build | Farm |
| 14:33 | Build | House |
| 14:35 | Build | House |
| 15:25 | Queue | Villager (Male) |
| 15:25 | Queue | Villager (Male) |
| 16:16 | Build | Town Center |
| 16:23 | Build | Town Center |
| 16:26 | Queue | Villager (Male) |
| 16:42 | Queue | Villager (Male) |
| 17:04 | Queue | Villager (Male) |
| 17:15 | Queue | Villager (Male) |
| 17:21 | Queue | Villager (Male) |
| 17:21 | Queue | Villager (Male) |
| 17:29 | Queue | Villager (Male) |
| 17:29 | Queue | Villager (Male) |
| 17:29 | Queue | Villager (Male) |
| 17:54 | Queue | Villager (Male) |
| 17:56 | Queue | Villager (Male) |
| 17:58 | Queue | Villager (Male) |
| 18:12 | Queue | Villager (Male) |
| 18:12 | Queue | Villager (Male) |
| 18:12 | Queue | Villager (Male) |
| 18:12 | Queue | Villager (Male) |
| 18:12 | Queue | Villager (Male) |
| 18:13 | Queue | Villager (Male) |
| 18:13 | Queue | Villager (Male) |
| 18:13 | Queue | Villager (Male) |
| 18:13 | Queue | Villager (Male) |
| 18:14 | Queue | Villager (Male) |
| 18:14 | Queue | Villager (Male) |
| 18:56 | Build | Siege Workshop |
| 19:00 | Build | Siege Workshop |
| 19:05 | Build | Siege Workshop |
| 19:06 | Queue | Villager (Male) |
| 19:07 | Queue | Villager (Male) |
| 19:07 | Queue | Villager (Male) |
| 19:07 | Queue | Villager (Male) |
| 19:07 | Queue | Villager (Male) |
| 19:07 | Queue | Villager (Male) |
| 19:15 | Research | Town Watch |
| 19:18 | Research | Loom |
| 19:21 | Research | Wheelbarrow |
| 19:24 | Research | Gold Mining |
| 19:54 | Queue | Scorpion |
| 19:56 | Queue | Scorpion |
| 20:02 | Queue | Scorpion |
| 20:08 | Queue | Scorpion |
| 20:19 | Build | Castle |
| 21:41 | Queue | Janissary |
| 21:41 | Queue | Janissary |
| 21:41 | Queue | Janissary |
| 21:41 | Queue | Janissary |
| 22:59 | Queue | Villager (Male) |
| 22:59 | Queue | Villager (Male) |
| 22:59 | Queue | Villager (Male) |
| 23:00 | Queue | Villager (Male) |
| 23:00 | Queue | Villager (Male) |
| 23:00 | Queue | Villager (Male) |
| 23:00 | Queue | Villager (Male) |
| 23:00 | Queue | Villager (Male) |
| 23:01 | Queue | Villager (Male) |
| 23:01 | Queue | Villager (Male) |
| 23:08 | Build | Farm |
| 23:08 | Build | Farm |
| 23:08 | Build | Farm |
| 23:09 | Build | Farm |
| 23:09 | Build | Farm |
| 23:09 | Build | Farm |
| 23:09 | Build | Farm |
| 23:10 | Build | Farm |
| 23:10 | Build | Farm |
| 23:10 | Build | Farm |
| 23:10 | Build | Farm |
| 23:11 | Build | Farm |
| 23:11 | Build | Farm |
| 23:11 | Build | Farm |
| 23:11 | Build | Farm |
| 23:12 | Build | Farm |
| 23:12 | Build | Farm |
| 23:12 | Build | Farm |
| 23:13 | Build | Farm |
Build order — ALEX_DE_SOUZA
First 150 of 362 actions detected
| 0:00 | Queue | Villager (Male) |
| 0:02 | Build | House |
| 0:03 | Build | House |
| 0:05 | Queue | Villager (Male) |
| 0:06 | Queue | Villager (Male) |
| 0:38 | Queue | Villager (Male) |
| 0:38 | Queue | Villager (Male) |
| 1:36 | Queue | Villager (Male) |
| 1:36 | Queue | Villager (Male) |
| 1:44 | Build | Lumber Camp |
| 1:58 | Queue | Villager (Male) |
| 1:59 | Queue | Villager (Male) |
| 2:17 | Queue | Villager (Male) |
| 2:18 | Queue | Villager (Male) |
| 2:47 | Queue | Villager (Male) |
| 2:48 | Queue | Villager (Male) |
| 3:03 | Queue | Villager (Male) |
| 3:03 | Queue | Villager (Male) |
| 3:40 | Queue | Villager (Male) |
| 3:40 | Queue | Villager (Male) |
| 3:49 | Build | House |
| 3:51 | Build | House |
| 4:06 | Queue | Villager (Male) |
| 4:06 | Queue | Villager (Male) |
| 4:28 | Queue | Villager (Male) |
| 4:28 | Queue | Villager (Male) |
| 5:11 | Queue | Villager (Male) |
| 5:12 | Queue | Villager (Male) |
| 5:34 | Build | Mill |
| 5:41 | Queue | Villager (Male) |
| 5:42 | Queue | Villager (Male) |
| 5:42 | Queue | Villager (Male) |
| 5:42 | Queue | Villager (Male) |
| 6:52 | Build | Mill |
| 6:55 | Build | Lumber Camp |
| 6:58 | Queue | Villager (Male) |
| 6:59 | Queue | Villager (Male) |
| 6:59 | Queue | Villager (Male) |
| 7:32 | Queue | Villager (Male) |
| 8:30 | Build | Mining Camp |
| 8:34 | Research | Feudal Age |
| 9:02 | Queue | Villager (Male) ×2 |
| 9:07 | Research | Loom |
| 9:42 | Build | House |
| 10:09 | Build | Barracks |
| 10:20 | Queue | Villager (Male) |
| 10:21 | Queue | Villager (Male) |
| 10:21 | Queue | Villager (Male) |
| 11:08 | Build | Blacksmith |
| 11:38 | Build | Archery Range |
| 11:50 | Build | Farm |
| 12:23 | Build | Farm |
| 12:23 | Build | Farm |
| 12:23 | Build | Farm |
| 12:23 | Build | Farm |
| 12:24 | Build | Farm |
| 12:24 | Build | Farm |
| 12:24 | Build | Farm |
| 12:39 | Build | Farm |
| 12:58 | Research | Castle Age |
| 13:02 | Build | Farm |
| 13:13 | Build | Farm |
| 13:21 | Research | Double-Bit Axe |
| 13:21 | Research | Double-Bit Axe |
| 13:40 | Research | Scale Mail Armor |
| 13:51 | Queue | Spearman |
| 13:52 | Queue | Spearman |
| 14:00 | Build | House |
| 14:04 | Queue | Spearman |
| 14:05 | Queue | Spearman |
| 14:38 | Build | House |
| 14:40 | Build | House |
| 14:41 | Build | House |
| 14:44 | Queue | Villager (Male) ×4 |
| 15:05 | Research | Man-at-Arms (upgrade) |
| 15:18 | Build | Farm |
| 15:18 | Build | Farm |
| 15:18 | Build | Farm |
| 15:19 | Build | Farm |
| 15:19 | Build | Farm |
| 15:30 | Build | House |
| 15:52 | Research | Long Swordsman (upgrade) |
| 16:00 | Build | Barracks |
| 16:27 | Queue | Villager (Male) |
| 16:32 | Queue | Militia ×3 |
| 16:38 | Build | Farm |
| 16:39 | Build | Farm |
| 16:39 | Build | Farm |
| 16:39 | Build | Farm |
| 16:48 | Build | House |
| 16:57 | Queue | Militia ×3 |
| 17:25 | Build | Siege Workshop |
| 17:35 | Queue | Spearman |
| 17:36 | Queue | Spearman |
| 17:39 | Queue | Spearman |
| 17:39 | Queue | Spearman |
| 17:46 | Queue | Militia ×3 |
| 17:46 | Queue | Militia ×3 |
| 17:54 | Build | Farm |
| 18:04 | Queue | Villager (Male) |
| 18:13 | Queue | Militia ×2 |
| 18:13 | Queue | Militia ×2 |
| 18:22 | Queue | Battering Ram |
| 18:34 | Research | Forging |
| 18:34 | Research | Forging |
| 18:40 | Build | House |
| 18:52 | Queue | Militia ×2 |
| 18:53 | Queue | Militia ×2 |
| 19:02 | Queue | Battering Ram |
| 19:03 | Queue | Battering Ram |
| 19:15 | Build | House |
| 19:19 | Queue | Militia ×3 |
| 19:19 | Queue | Militia ×3 |
| 19:20 | Queue | Militia |
| 19:52 | Build | House |
| 19:53 | Queue | Battering Ram |
| 20:01 | Research | Chain Mail Armor |
| 20:04 | Queue | Militia |
| 20:05 | Queue | Militia |
| 20:21 | Queue | Battering Ram |
| 20:26 | Queue | Militia ×2 |
| 20:27 | Queue | Militia ×2 |
| 20:27 | Queue | Militia |
| 20:28 | Queue | Militia |
| 20:35 | Queue | Militia |
| 20:35 | Queue | Militia |
| 20:44 | Queue | Militia |
| 20:44 | Queue | Militia |
| 22:02 | Queue | Militia ×5 |
| 22:02 | Queue | Militia ×5 |
| 22:02 | Queue | Militia ×5 |
| 22:21 | Queue | Villager (Male) ×2 |
| 23:00 | Research | Fletching |
| 23:05 | Build | Archery Range |
| 23:17 | Queue | Skirmisher |
| 23:17 | Queue | Skirmisher |
| 23:17 | Queue | Skirmisher |
| 23:29 | Queue | Villager (Male) ×5 |
| 23:45 | Build | Town Center |
| 24:07 | Queue | Skirmisher ×3 |
| 24:08 | Queue | Skirmisher ×3 |
| 24:29 | Build | Farm |
| 24:39 | Queue | Villager (Male) |
| 24:40 | Queue | Villager (Male) |
| 24:40 | Queue | Villager (Male) |
| 24:40 | Queue | Villager (Male) |
| 24:40 | Queue | Villager (Male) |
| 24:41 | Queue | Villager (Male) |
| 24:41 | Queue | Villager (Male) |
| 24:44 | Build | Farm |
Match timeline
| 10:09 | ALEX_DE_SOUZA · first_building Barracks |
| 11:38 | ALEX_DE_SOUZA · first_building Archery Range |
| 17:25 | ALEX_DE_SOUZA · first_building Siege Workshop |
| 18:56 | fidelon33 · first_building Siege Workshop |
| 20:15 | fidelon33 · first_market_buy 100 stone |
| 20:19 | fidelon33 · first_building Castle |
| 29:03 | fidelon33 · first_market_sell 100 food |
| 31:23 | ALEX_DE_SOUZA · first_building Monastery |
| 31:56 | fidelon33 · first_building Barracks |
| 32:39 | fidelon33 · first_building Stable |
| 41:09 | ALEX_DE_SOUZA · resign |
[ AI ANALYSIS · 1 CREDIT ]
What really happened in this match?
Wolo.gg analyzes every decision: build order, eco, micro, common mistakes by bracket. Personalized analysis on WhatsApp or Discord in 30 seconds.
Civ guide
Turks
Perfil
fidelon33